 Dungeon Crawl Stone Soup version 0.18.1-48-g4cf74bf (webtiles) character file.

117 Heedrag the Conjurer (level 4, 0/24 HPs)
             Began as a Deep Elf Conjurer on Aug 6, 2016.
             Slain by Terence
             ... wielding a +2 flail of protection
              (10 damage)
             ... on level 3 of the Dungeon.
             The game lasted 00:04:13 (1992 turns).

Heedrag the Conjurer (Deep Elf Conjurer)            Turns: 1992, Time: 00:04:14

Health: 0/24       AC:  4    Str:  6    XL:     4   Next: 71%
Magic:  1/12       EV:  8    Int: 20    God:
Gold:   133        SH:  0    Dex: 15    Spells: 3 memorised, 4 levels left

rFire  . . .     SeeInvis .     k - +0 dagger
rCold  . . .     Gourm    .     a - +0 robe
rNeg   . . .     Faith    .     (no shield)
rPois  .         Spirit   .     (no helmet)
rElec  .         Dismiss  .     l - +1 cloak
rCorr  .         Reflect  .     (no gloves)
SustAt .         Harm     .     (no boots)
MR     .....                    e - amulet of rage
Stlth  +.........               (no ring)
                                m - ring of loudness (curse)

@: very slightly contaminated, not resistant to hostile enchantments, very
unstealthy
A: no striking features
a: Evoke Berserk Rage


You were on level 3 of the Dungeon.
You were not hungry.

You visited 1 branch of the dungeon, and saw 3 of its levels.

You collected 133 gold pieces.

Inventory:

Hand Weapons
 k - a +0 dagger (weapon)
Armour
 a - a +0 robe (worn)
 l - a +1 cloak (worn)
Jewellery
 e - an amulet of rage (around neck)
 m - a cursed ring of loudness (left hand)
Scrolls
 f - a scroll of teleportation {unknown}
 g - 2 scrolls of recharging {unknown}
 i - a scroll of identify {unknown}
Potions
 h - 2 potions of agility {unknown}
 j - a potion of berserk rage {unknown}
Books
 b - a book of Conjurations

   Spells                             Type                      Level
   a - Magic Dart                     Conjuration                  1
   b - Searing Ray                    Conjuration                  2
   c - Dazzling Spray                 Conjuration/Hexes            3
   d - Fulminant Prism                Conjuration/Hexes            4
   e - Iskenderun's Mystic Blast      Conjuration                  4
   f - Iskenderun's Battlesphere      Conjuration/Charms           5
Comestibles
 c - 2 bread rations
 d - a chunk of flesh


   Skills:
 - Level 2.4 Dodging
 - Level 2.4 Stealth
 + Level 4.5 Spellcasting
 * Level 6.0 Conjurations


You had 4 spell levels left.
You knew the following spells:

 Your Spells              Type           Power        Failure   Level  Hunger
a - Magic Dart            Conj           ####         1%          1    None
b - Dazzling Spray        Conj/Hex       ###...       12%         3    ##.....
c - Iskenderun's Mystic   Conj           ####....     12%         4    ####...


Dungeon Overview and Level Annotations

Branches:
Dungeon (3/15)

Altars:

Annotations:
D:3 Terence


Message History

Ye dinnae haf enough magic ta cast tha spell.
Unknown command.
Terence shouts, "Now ye die!"
Ye see 'ere a huntin' slin'.
Found a meat ration.
Castin': Magic Dart Confirm wit' . or Enter, or press ? or * ta list all spells.
Aimin': Dazzlin' Spray
Press: ? - help, Shift-Dir - straight line, f/p - Terence
Aim: Terence, wieldin' a flail o' protection an' wearin' a scale mail (severely wounded, unusu'lly strong) Ye miscast Dazzlin' Spray.
Multicoloured lights dance 'fore yer eyes!
Terence closely misses ye.
Ye see 'ere a meat ration.
Ye op'n tha door.
Terence barely misses ye.
A scorpion comes inta view.
Thar be an op'n door 'ere.
Thar be a stone staircase leadin' up 'ere.
Terence hits ye wit' a flail o' protection!
Ye die...

#.# #.# ##+# #.# ##...##
#.# ##.....## ### #.#
##.......## ##.###.#
#.........####...##.######
+....s....@%..............
#........@####............
#.......## ##.###.###...
##.....## #.# #.# #...
##...## #.###.# #... ##'##
#.....# #... #.# #..####
#... .. #.# #..######...
... ##.## #.........##
#..#...## ##.#########


You could see Terence and a scorpion.

Vanquished Creatures
  5 adders
  An ooze (D:1)
  5 worms (D:2)
  2 dart slugs
  A giant gecko (D:1)
  An orc (D:3)
  3 giant cockroaches
  2 goblins
  6 hobgoblins
  2 jackals (D:1)
  A quokka (D:2)
  A ball python (D:3)
  7 bats (D:1)
  2 giant newts
  8 kobolds
  5 rats
52 creatures vanquished.

Notes
Turn   | Place    | Note
--------------------------------------------------------------
     0 | D:1      | Heedrag the Deep Elf Conjurer began the quest for the Orb.
     0 | D:1      | Reached XP level 1. HP: 10/10 MP: 6/6
   171 | D:1      | Reached XP level 2. HP: 15/15 MP: 4/8
   438 | D:1      | Reached skill level 5 in Conjurations
   531 | D:1      | Reached XP level 3. HP: 19/19 MP: 7/10
   536 | D:1      | Learned a level 3 spell: Dazzling Spray
  1188 | D:2      | Reached XP level 4. HP: 22/24 MP: 2/12
  1588 | D:2      | Reached skill level 6 in Conjurations
  1653 | D:2      | Learned a level 4 spell: Iskenderun's Mystic Blast
  1949 | D:3      | Noticed Terence
  1992 | D:3      | Slain by Terence

Skill      XL: |  1  2  3  4 |
---------------+-------------+-----
Conjurations   | 5 6 |  6.0
Spellcasting   | 4 |  4.5
Dodging        | |  2.4
Stealth        | |  2.4

Action                   |  1- 3 |  4- 6 || total
-------------------------+-------+-------++-------
 Cast: Magic Dart        |    65 |    51 ||   116
       Dazzling Spray    |       |     1 ||     1
  Eat: Chunk             |     1 |     2 ||     3
Armor: Robe              |     2 |     1 ||     3
Dodge: Dodged            |    10 |     4 ||    14
